 Dungeon Crawl Stone Soup version 0.29.1-15-g9cfb28693d (webtiles) character file.

Game seed: 284406765813247846

310 Alturiack the Ducker (level 6, -2/30 HPs)
             Began as a Spriggan Hunter on Apr 11, 2023.
             Killed from afar by Ijyb (20 damage)
             ... with a bolt of light
             ... on level 4 of the Dungeon.
             The game lasted 00:05:48 (1956 turns).

Alturiack the Ducker (Spriggan Hunter)              Turns: 1956, Time: 00:05:48

Health: -2/30      AC:  2    Str:  7    XL:     6   Next: 18%
Magic:  7/7        EV: 24    Int: 10    God:
Gold:   130        SH:  0    Dex: 27    Spells: 5/5 levels left

rFire   . . .      SeeInvis +   a - +0 shortbow
rCold   . . .      Faith    .   (shield currently unavailable)
rNeg    . . .      Spirit   .   c - +0 robe
rPois   .          Reflect  .   (helmet restricted)
rElec   .          Harm     .   (no cloak)
rCorr   .          Rampage  .   (gloves unavailable)
Will    +....                   (boots unavailable)
Stlth   +++.......              (no amulet)
HPRegen 0.10/turn               e - +6 ring of dexterity
MPRegen 0.10/turn               (no ring)

@: very quick
A: very small, no large weapons, unfitting armour, see invisible, speed 3
a: no special abilities


You were on level 4 of the Dungeon.
You visited 1 branch of the dungeon, and saw 4 of its levels.

You collected 130 gold pieces.

Inventory:

Hand Weapons
 a - a +0 shortbow (weapon)
 r - a +0 dagger
Armour
 c - a +0 robe (worn)
Jewellery
 e - a +6 ring of dexterity (left hand)
Wands
 q - a wand of iceblast (4)
Scrolls
 b - 3 scrolls of immolation
 d - 2 scrolls of noise {unknown}
 h - 5 scrolls of identify {unknown}
 i - a scroll of fear {unknown}
 j - a scroll of teleportation {unknown}
 k - a scroll of amnesia {unknown}
 p - a scroll of magic mapping {unknown}
Potions
 f - a potion of attraction {unknown}
 g - a potion of heal wounds {unknown}
 l - a potion of mutation {unknown}
 m - a potion of brilliance {unknown}
 n - a potion of ambrosia {unknown}
 o - a potion of lignification {unknown}


   Skills:
 - Level 1.5 Fighting
 + Level 6.0 Ranged Weapons
 + Level 6.4 Dodging
 - Level 1.5 Stealth


You had 5 spell levels left.
You didn't know any spells.
Your spell library contained the following spells:

 Spells                   Type           Power      Damage    Failure   Level
 Sting                    Tmut/Pois      0%         1d3       36%         1
 Poisonous Vapours        Pois/Air       0%         N/A       50%         2
 Conjure Flame            Conj/Fire      0%         6-21      75%         3
 Ignite Poison            Fire/Tmut/Pois 0%         N/A       75%         3
 Olgreb's Toxic Radiance  Pois           0%         N/A       98%         4
 Sticky Flame             Conj/Fire      0%         2d3       98%         4


Dungeon Overview and Level Annotations

Branches:
Dungeon (4/15)
 Temple: D:4-7

Altars:
Elyvilon

Annotations:
D:4 Ijyb


Innate Abilities, Weirdness & Mutations

You are very small and have problems with some larger weapons.
You are too small for most types of armour.
You have supernaturally acute eyesight. (SInv)
You cover ground extremely quickly. (Speed+++)


Message History

You kill the iguana!
Your Ranged Weapons skill increases to level 6!
Fire: a) +0 shortbow
Press: ? - help, Q - select action, (/) - cycle Shift-Dir - straight line
Okay, then.
Ijyb the Twisted Goblin comes into view.
She is wielding a +0 club and carrying a wand of light (9).
Fire: a) +0 shortbow
Press: ? - help, Q - select action, (/) - cycle Shift-Dir - straight line, f - Ijyb
Aim: Ijyb, wielding a +0 club, wearing a +0 leather armour and carrying a wand of light (9) (wandering, hasn't noticed you, 62% to hit)
You shoot an arrow.
Ijyb shouts!
The arrow hits Ijyb but does no damage.
Fire: a) +0 shortbow
Press: ? - help, Q - select action, (/) - cycle Shift-Dir - straight line, f/p - Ijyb
Aim: Ijyb, wielding a +0 club, wearing a +0 leather armour and carrying a wand of light (9) (62% to hit)
You shoot an arrow. The arrow barely misses Ijyb.
Fire: a) +0 shortbow
Press: ? - help, Q - select action, (/) - cycle Shift-Dir - straight line, f/p - Ijyb
Aim: Ijyb, wielding a +0 club, wearing a +0 leather armour and carrying a wand of light (9) (62% to hit)
You shoot an arrow. The arrow hits Ijyb.
Ijyb is moderately wounded.
Fire: a) +0 shortbow
Press: ? - help, Q - select action, (/) - cycle Shift-Dir - straight line, f/p - Ijyb
Aim: Ijyb, wielding a +0 club, wearing a +0 leather armour and carrying a wand of light (9) (moderately wounded, 62% to hit)
You shoot an arrow. The arrow hits Ijyb.
Ijyb is moderately wounded.
Fire: a) +0 shortbow
Press: ? - help, Q - select action, (/) - cycle Shift-Dir - straight line, f/p - Ijyb
Aim: Ijyb, wielding a +0 club, wearing a +0 leather armour and carrying a wand of light (9) (moderately wounded, 62% to hit)
You shoot an arrow. The arrow hits Ijyb but does no damage.
Ijyb is moderately wounded.
Ijyb zaps a wand.
The bolt of light misses you.
Fire: a) +0 shortbow
Press: ? - help, Q - select action, (/) - cycle Shift-Dir - straight line, f/p - Ijyb
Aim: Ijyb, wielding a +0 club, wearing a +0 leather armour and carrying a wand of light (8) (moderately wounded, 62% to hit)
You shoot an arrow. The arrow hits Ijyb.
Ijyb is heavily wounded.
Ijyb zaps a wand.
The bolt of light hits you!!
Ouch! That really hurt!
You die...

#......################....#
#...PP......................#
..#....P###############[....#
#..P.P.# #.....># ##.#....#
###.#....# #..######
#########...#....# ####.#
##.........########
#..(.#########..^....).##
..............g.@......#
#...###########......<.#
#...# ########## ....# #...#
#.[.# #...# #...# #...#


You could see Ijyb.

Vanquished Creatures
  Sigmund (D:4)
  A bullfrog zombie (D:4)
  Jessica (D:2)
  Terence (D:2)
  An iguana (D:4)
  An ufetubus (D:4)
  An adder zombie (D:4)
  4 endoplasms
  2 giant cockroaches
  4 goblins
  3 hobgoblins (D:2)
  4 jackals (D:3)
  5 ball pythons
  7 bats
  3 frilled lizards
  A jackal zombie (D:4)
  2 kobolds
  2 rats
44 creatures vanquished.

Vanquished Creatures (others)
  8 plants (D:3)
  6 withered plants (D:4)
14 creatures vanquished.

Grand Total: 58 creatures vanquished

Notes
Turn   | Place    | Note
-------+----------+-------------------------------------------
     0 | D:1      | Alturiack the Spriggan Hunter began the quest for the Orb.
     0 | D:1      | Reached XP level 1. HP: 10/10 MP: 2/2
   362 | D:2      | Reached XP level 2. HP: 14/14 MP: 3/3
   703 | D:2      | Noticed Jessica
   707 | D:2      | Killed Jessica
   708 | D:2      | Reached XP level 3. HP: 18/18 MP: 4/4
   852 | D:2      | Noticed Terence
   880 | D:2      | Killed Terence
   881 | D:2      | Reached XP level 4. HP: 20/22 MP: 5/5
  1133 | D:2      | Found a faded altar of an unknown god.
  1447 | D:3      | Reached skill level 5 in Ranged Weapons
  1454 | D:3      | Found a white marble altar of Elyvilon.
  1697 | D:4      | Reached skill level 5 in Dodging
  1728 | D:4      | Noticed Sigmund
  1743 | D:4      | Killed Sigmund
  1744 | D:4      | Reached XP level 5. HP: 22/25 MP: 6/6
  1744 | D:4      | Reached XP level 6. HP: 27/30 MP: 7/7
  1949 | D:4      | Noticed Ijyb
  1956 | D:4      | Killed from afar by Ijyb

Illustrated notes

Levels and vault maps discovered:
D:1:      minmay_arrival_stair_chambers, layout_rooms
D:2:      layout_basic, basic_ecumenical_altar, minmay_statues_item,
          uniq_jessica, uniq_terence
D:3:      layout_basic, nicolae_elyvilon_temple_path, makhleb_altar_promises_db,
          kennysheep_potato
D:4:      layout_rooms, serial_undead, serial_undead_f, serial_undead_b,
          serial_undead_b, serial_undead_f, minmay_mini_jars, uniq_ijyb,
          uniq_sigmund

Skill      XL: |  1  2  3  4  5  6 |
---------------+-------------------+-----
Dodging        | 3 4 6 |  6.4
Ranged Weapons | 5 6 |  6.0
Fighting       | |  1.5
Stealth        | |  1.5

Action                   |  1- 3 |  4- 6 || total
-------------------------+-------+-------++-------
Melee: Dagger            |       |    19 ||    19
       Shortbow          |       |    15 ||    15
 Fire: Shortbow          |    52 |    59 ||   111
Armor: Robe              |     1 |     1 ||     2
Dodge: Dodged            |     7 |    26 ||    33
